 Dungeon Crawl Stone Soup version 0.17-a0-1533-g2f57bce (webtiles) character file.

180 nubinia the Grave Robber (level 5, -25/37 HPs)
             Began as a Demonspawn Necromancer on July 16, 2015.
             Killed from afar by an orc (53 damage)
             ... with an exploding inner flame
             ... hexed by the player character
             ... on level 3 of the Dungeon.
             The game lasted 00:29:59 (3354 turns).

nubinia the Grave Robber (Demonspawn Necromancer)   Turns: 3354, Time: 00:30:01

Health: -25/37     AC:  2    Str:  8    XL:     5   Next: 33%
Magic:  17/18      EV: 13    Int: 17    God:
Gold:   76         SH:  0    Dex: 14    Spells: 4 memorised, 1 level left

rFire  . . .     SeeInvis +     f - +2 whip (elec)
rCold  . . .     Clarity  .     a - +0 robe
rNeg   . . .     SustAt   .     (no shield)
rPois  .         Gourm    .     (no helmet)
rElec  .         Spirit   .     (no cloak)
rCorr  .         Warding  .     (no gloves)
rMut   .         Stasis   .     (no boots)
MR     .....                    (no amulet)
Stlth  ++........               t - ring of see invisible
                                q - ring of magical power

@: not resistant to hostile enchantments, unstealthy
A: claws 2, rot immunity
a: no special abilities


You were on level 3 of the Dungeon.
You were not hungry.

You visited 1 branch of the dungeon, and saw 3 of its levels.

You collected 76 gold pieces.

Inventory:

Hand weapons
 d - a +0 club
 f - a +2 whip of electrocution (weapon)
Armour
 a - a +0 robe (worn)
 p - a +0 cloak
Jewellery
 q - a ring of magical power (left claw)
 s - an uncursed ring of stealth
 t - a ring of see invisible (right claw)
Magical devices
 o - a wand of magic darts (45)
Scrolls
 e - a scroll of fog {unknown}
 h - a scroll of teleportation
 i - a scroll of recharging
 j - a scroll of remove curse
 u - a scroll of magic mapping {unknown}
Potions
 l - a potion of haste {unknown}
 m - a potion of brilliance
 n - a potion of invisibility {unknown}
 v - a potion of agility {unknown}
Books
 b - a book of Necromancy

   Spells                             Type                      Level
   a - Pain                           Necromancy                   1
   b - Animate Skeleton               Necromancy                   1
   c - Vampiric Draining              Necromancy                   3
   d - Regeneration                   Charms/Necromancy            3
   e - Animate Dead                   Necromancy                   4
   f - Control Undead                 Necromancy                   4
Comestibles
 c - 2 bread rations
 g - a meat ration
 k - 3 fruits
 r - 7 chunks of flesh


   Skills:
 + Level 1.1 Fighting
 + Level 2.5 Dodging
 + Level 2.3 Stealth
 + Level 3.1 Spellcasting
 + Level 5.7 Necromancy


You had one spell level left.
You knew the following spells:

 Your Spells              Type           Power        Failure   Level  Hunger
a - Pain                  Necr           ###.         1%          1    None
b - Vampiric Draining     Necr           ###.......   6%          3    ###....
c - Control Undead        Necr           ###.......   17%         4    ####...
S - Animate Skeleton      Necr           N/A          1%          1    None


Dungeon Overview and Level Annotations

Branches:
Dungeon (3/15)

Altars:
Cheibriados
Trog
Yredelemnul

Annotations:
D:3 Ajdolov's ghost, average NaWn


Innate Abilities, Weirdness & Mutations

You have very sharp fingernails.
You are immune to rotting.


Message History

Found a scale mail.
An orc comes into view. It is wielding a short sword.
The orc shouts!
An orc comes into view. It is wielding a whip.
You see here a scroll labeled WIOL BAPTI.
w - a scroll labeled WIOL BAPTI The orc hits you with a mace.
Read which item? (? for menu, Esc to quit)
As you read the scroll labeled WIOL BAPTI, it crumbles to dust.
The creatures around you are filled with an inner flame!
It was a scroll of immolation.
The orc shouts!
The orc hits you with a mace.
You hit the orc.
There is a sudden explosion of sparks!
The orc explodes!
The fiery explosion engulfs the orc.
The orc explodes!
The fiery explosion engulfs you!
Ouch! That really hurt!
You die...

...## ##..# #.#
###.## #.#
.....# #o#
...#.# #.#
...#.## #§#
...#.(# #§#
...##Z# #§# ###
#Z# #@# #.# #.#
#†###+# #.#
##(.##.######.#
#..Z..........#
#.#..#.########
#.##.#.# #.
#...# #. #....


You could see an orc (inner flame).

Vanquished Creatures
  Crazy Yiuf (D:2)
  Ijyb (D:2)
  4 adders
  4 worms
  2 giant geckos
  4 orcs
  11 bats
  3 giant cockroaches (D:2)
  10 goblins
  4 hobgoblins
  4 jackals (D:2)
  5 kobolds
  A quokka (D:2)
  2 gnoll zombies (D:2)
  9 rats
65 creatures vanquished.

Vanquished Creatures (collateral kills)
  An adder (D:3)
  A goblin (D:1)
  A ball python (D:2)
  A kobold (D:1)
  2 rats
6 creatures vanquished.

Grand Total: 71 creatures vanquished

Notes
Turn   | Place    | Note
--------------------------------------------------------------
     0 | D:1      | nubinia the Demonspawn Necromancer began the quest for the Orb.
     0 | D:1      | Reached XP level 1. HP: 13/13 MP: 3/3
   328 | D:1      | Learned a level 1 spell: Animate Skeleton
   398 | D:1      | Gained mutation: You have sharp fingernails. [demonic ancestry]
   398 | D:1      | Reached XP level 2. HP: 17/19 MP: 3/5
   680 | D:1      | Reached skill level 5 in Necromancy
  1348 | D:2      | Reached XP level 3. HP: 16/24 MP: 1/6
  1607 | D:2      | Learned a level 3 spell: Vampiric Draining
  2128 | D:2      | Noticed Crazy Yiuf
  2141 | D:2      | Killed Crazy Yiuf
  2141 | D:2      | Gained mutation: You have very sharp fingernails. [demonic ancestry]
  2141 | D:2      | Reached XP level 4. HP: 14/31 MP: 0/7
  2631 | D:2      | Found a bloodstained altar of Trog.
  2771 | D:2      | Found a basalt altar of Yredelemnul.
  2848 | D:2      | Found a snail-covered altar of Cheibriados.
  3054 | D:2      | Noticed Ijyb
  3063 | D:2      | Killed Ijyb
  3063 | D:2      | Gained mutation: You are immune to rotting. [demonic ancestry]
  3063 | D:2      | Reached XP level 5. HP: 30/36 MP: 9/9
  3075 | D:2      | Learned a level 4 spell: Control Undead
  3183 | D:3      | Reached skill level 1 in Fighting
  3325 | D:3      | Noticed Ajdolov's ghost (average NaWn)
  3354 | D:3      | Killed from afar by an orc

Vault maps used:
D:1:      dpeg_arrival_line_fractal
D:2:      lemuel_zombie_altar_yredelemnul, nicolae_overflow_hidden_temple,
          trog_butcher_becter, uniq_iyjb, uniq_crazy_yiuf_cottage
D:3:      first_bread, portal_sewer_entry_e

Action                   |  1- 3 |  4- 6 || total
-------------------------+-------+-------++-------
Melee: Club              |     7 |       ||     7
       Whip              |    45 |    83 ||   128
 Cast: Pain              |    37 |     5 ||    42
       Animate Skeleton  |    12 |    14 ||    26
       Vampiric Draining |     2 |     5 ||     7
       Control Undead    |       |     1 ||     1
  Use: Scroll            |       |     5 ||     5
       Potion            |       |     1 ||     1
 Stab: Sleeping          |     1 |     3 ||     4
  Eat: Chunk             |     5 |     5 ||    10
